 Dungeon Crawl Stone Soup version 0.22-a0-456-g11ed031 (webtiles) character file.

56788 Ijustatesigmund the Fighter (level 14, 0/157 HPs)
             Began as an Ogre Hunter on June 4, 2018.
             Was an Elder of the Shining One.
             Succumbed to a swamp dragon's poison gas
             ... on level 6 of the Lair of Beasts on June 6, 2018.
             The game lasted 00:56:58 (27605 turns).

Ijustatesigmund the Fighter (Ogre Hunter)          Turns: 27605, Time: 00:56:58

Health: 0/157      AC: 13    Str: 19    XL:     14   Next: 83%
Magic:  9/25       EV: 13    Int: 12    God:    the Shining One [****..]
Gold:   1446       SH: 13    Dex: 13    Spells: 11/13 levels left

rFire    . . .     SeeInvis .   z - +8 giant spiked club (crush)
rCold    . . .     Gourm    .   (shield currently unavailable)
rNeg     + + .     Faith    .   b - +3 steam dragon scales
rPois    .         Spirit   .   (helmet restricted)
rElec    .         Reflect  +   n - +2 cloak
rCorr    .         Harm     .   (gloves unavailable)
MR       +....                  (boots unavailable)
Stlth    +.........             H - +2 amulet of reflection
HPRegen  0.36/turn              t - +1 ring of evasion
MPRegen  0.19/turn              (no ring)

@: lethally poisoned (0 -> -20), divine shield, glowing
A: large, unfitting armour, talons 1, high mp 1, tough skin 1, subdued magic 1,
MP-powered wands, sturdy frame 1
a: Divine Shield, Cleansing Flame, Renounce Religion


You were on level 6 of the Lair of Beasts.
You worshipped the Shining One.
The Shining One was greatly pleased with you.
You were not hungry.

You visited 3 branches of the dungeon, and saw 18 of its levels.
You also visited: Bailey.

You collected 1446 gold pieces.

Inventory:

Hand Weapons
 y - the +10 mace of Fyetrabbun {antimagic, *Drain +Inv MR+}
   (You found it on level 7 of the Dungeon)

   It reduces the magical energy of the wielder, and disrupts the spells and
   magical abilities of those hit.
   Natural abilities and divine invocations are not affected.
   It affects your resistance to hostile enchantments.
   It lets you turn invisible.
   It causes draining when unequipped.
 z - a +8 giant spiked club of crushing (weapon)
 F - the +3 Elemental Staff {rElec rF++ rC++ MR++ AC+5}
   (You found it on level 11 of the Dungeon)

   It affects your AC (+5).
   It greatly protects you from fire.
   It greatly protects you from cold.
   It insulates you from electricity.
   It affects your resistance to hostile enchantments.
 M - the +8 morningstar of the Valley {antimagic, rC+}
   (You found it on level 6 of the Lair of Beasts)

   It reduces the magical energy of the wielder, and disrupts the spells and
   magical abilities of those hit.
   Natural abilities and divine invocations are not affected.
   It protects you from cold.
Missiles
 c - 9 large rocks (quivered)
 d - a throwing net
 r - 8 silver javelins
Armour
 b - +3 steam dragon scales (worn)
 n - a +2 cloak (worn)
 J - cursed +0 swamp dragon scales
Jewellery
 a - an uncursed amulet of the acrobat
 q - an uncursed ring of protection from fire
 t - a +1 ring of evasion (left hand)
 u - an uncursed ring of flight
 H - a +2 amulet of reflection (around neck)
 I - an uncursed ring of magical power
 K - an uncursed amulet of magic regeneration {unknown}
Wands
 h - a wand of flame (26)
 A - a wand of iceblast (8)
 E - a wand of polymorph (20)
 G - a wand of paralysis (16)
 O - a wand of acid (7)
Scrolls
 e - 10 scrolls of remove curse
 g - a scroll of fog
 k - 5 scrolls of amnesia
 l - 5 scrolls of teleportation
 s - 6 scrolls of identify
 v - 2 scrolls of magic mapping
 L - 3 scrolls of enchant armour
 N - a scroll of holy word
Potions
 i - a potion of haste
 j - 4 potions of curing
 m - 3 potions of flight
 o - a potion of mutation
 p - 2 potions of brilliance
 w - 2 potions of ambrosia
 x - 3 potions of agility
 B - 3 potions of lignification
 C - a potion of resistance
 D - a potion of cancellation
Comestibles
 f - 34 rations


   Skills:
 + Level 14.8 Fighting
 + Level 14.3 Maces & Flails
 - Level 4.0 Throwing
 - Level 4.5 Armour
 - Level 5.4 Dodging
 - Level 0.6 Stealth
 - Level 7.3 Translocations
 + Level 12.8 Invocations


You had 11 spell levels left.
You knew the following spells:

 Your Spells              Type           Power        Failure   Level  Hunger
a - Blink                 Tloc           N/A          1%          2    ###....

Your spell library contained the following spells:

 Spells                   Type           Power        Failure   Level  Hunger
 Magic Dart               Conj           #...         28%         1    ##.....
 Conjure Flame            Conj/Fire      #.......     65%         3    ####...
 Slow                     Hex            #.......     41%         2    ###....
 Mephitic Cloud           Conj/Pois/Air  #.......     65%         3    ####...
 Death's Door             Chrm/Necr      #.........   100%        8    #######
 Summon Small Mammal      Summ           #...         28%         1    ##.....
 Animate Dead             Necr           N/A          96%         4    #####..
 Pain                     Necr           #...         28%         1    ##.....
 Animate Skeleton         Necr           N/A          28%         1    ##.....
 Vampiric Draining        Necr           #.........   65%         3    ####...
 Haunt                    Necr/Summ      #.........   100%        7    #######
 Borgnjor's Revivificati  Necr           #.........   100%        8    #######
 Summon Ice Beast         Ice/Summ       #.......     96%         4    #####..
 Call Imp                 Summ           #.......     41%         2    ###....
 Regeneration             Chrm/Necr      #.........   65%         3    ####...
 Stone Arrow              Conj/Erth      #.....       65%         3    ####...
 Necromutation            Tmut/Necr      #.........   100%        8    #######
 Passwall                 Tmut/Erth      #.......     41%         2    ###....
 Call Canine Familiar     Summ           #.......     65%         3    ####...
 Lee's Rapid Deconstruct  Erth           #.........   100%        5    ######.
 Sandblast                Erth           #.....       28%         1    ##.....
 Petrify                  Tmut/Erth      #.......     96%         4    #####..
 Summon Lightning Spire   Summ/Air       #.......     96%         4    #####..
 Summon Guardian Golem    Hex/Summ       #.......     65%         3    ####...
 Infestation              Necr           #.........   100%        8    #######


Dungeon Overview and Level Annotations

Branches:
Dungeon (11/15)            Temple (1/1) D:7            Lair (6/6) D:10
 Shoals (0/4) Lair:4       Spider (0/4) Lair:2        Slime (0/5) Lair:6
    Orc (0/2) D:11

Altars:
Cheibriados
Dithmenos
Elyvilon
Fedhas
Kikubaaqudgha
Makhleb
Nemelex Xobeh
Ru
Sif Muna
Wu Jian
Xom
Yredelemnul
The Shining One
Jiyva


Innate Abilities, Weirdness & Mutations

You are too large for most types of armour.
You have tough skin. (AC +1)
You have sharp toenails.
You have an increased reservoir of magic. (+10% MP)
Your spells are a little easier to cast, but a little less powerful.
You expend magic power (3 MP) to strengthen your wands.
Your movements are slightly less encumbered by armour. (ER -2)


Message History

* * * LOW HITPOINT WARNING * * *
You are no longer corroded.
You feel sick. The swamp dragon bites you!
* * * LOW HITPOINT WARNING * * *
You block the swamp dragon's attack. The swamp dragon closely misses you.
You feel better.
You are engulfed in poison gas.
You are poisoned.
You feel sick. The swamp dragon barely misses you.
You block the swamp dragon's attack. The swamp dragon tramples you.
* * * LOW HITPOINT WARNING * * *
You stumble backwards!
The golden flame engulfs you! You resist.
The golden flame engulfs the swamp dragon.
The swamp dragon is moderately wounded.
The golden flame engulfs the plant.
You destroy the plant!
You feel somewhat more hungry.
You are engulfed in poison gas.
You are lethally poisoned!
* * * LOW HITPOINT WARNING * * *
You die...

.......# ...#####
....# ....## ....P#
.....# ...###
♣♣♣♣♣♣♣♣ ≈♣♣♣♣♣
♣♣P..♣..♣♣
[.♣♣.♣♣♣♣≈≈≈≈≈§§@♣
≈≈♣♣...♣.≈.≈≈≈§§D♣♣
≈♣♣♣..♣♣.≈.♣♣.≈§§§♣
≈≈♣..♣..≈♣♣♣..(§≈†♣
÷≈♣..♣...≈.♣♣.≈≈≈.♣
÷≈≈♣♣♣.≈≈≈♣♣.≈≈≈≈≈♣
≈÷≈♣♣..≈≈♣♣♣≈≈≈≈≈≈♣
.♣≈≈♣♣≈≈.♣♣..≈≈≈≈≈♣
.♣♣≈≈≈♣.♣♣♣♣.≈≈≈≈≈♣


You could see a swamp dragon.

Vanquished Creatures
  A very ugly thing (D:11)
  A fire dragon (Lair:6)
  4 hydras
  Erica (D:8)
  An anaconda (Lair:6)
  2 centaur warriors (D:11)
  5 two-headed ogres
  2 orc high priests (Bailey)
  An unseen horror (D:7)
  An orc knight (Bailey)
  3 ugly things (D:11)
  5 manticores
  2 elephants
  6 black mambas
  A guardian serpent (D:9)
  2 centaur skeletons (D:11)
  2 torpor snails (Lair:3)
  8 spiny frogs
  9 komodo dragons
  4 rime drakes
  A meliai (D:11)
  A queen bee (Lair:2)
  2 hornets
  2 trolls (D:11)
  10 polar bears
  A raiju (Lair:6)
  14 blink frogs
  5 hippogriffs
  5 dream sheep (Lair:4)
  3 wyverns
  40 yaks
  A human (D:9)
  2 hogs (D:9)
  4 basilisks
  Menkaure (D:5)
  6 steam dragons
  4 wargs (Lair:6)
  2 acid dragons
  10 water moccasins
  16 hell hounds (Lair:6)
  7 porcupines
  2 phantoms
  A swamp drake (D:11)
  4 ice beasts
  13 orc warriors
  A necrophage (D:6)
  13 black bears
  An ogre (D:11)
  18 wolves
  6 centaurs
  15 crocodiles
  3 big kobolds
  13 bullfrogs
  A wyvern zombie (D:9)
  7 scorpions
  39 killer bees
  5 wights
  2 howler monkeys
  3 electric eels
  8 crimson imps
  A bullfrog zombie (D:8)
  5 orc priests
  3 jellies
  9 hounds
  14 orc wizards
  2 bullfrog skeletons (D:11)
  Jessica (D:2)
  3 iguanas
  A hell rat (Lair:3)
  12 worker ants
  A hound zombie (D:6)
  2 hound skeletons
  A howler monkey zombie (D:5)
  A worker ant zombie (D:9)
  14 adders
  19 gnolls
  3 shadow imps
  An adder skeleton (D:4)
  6 worms
  A dart slug (D:2)
  4 leopard geckos (D:2)
  46 orcs
  7 giant cockroaches
  30 goblins
  14 hobgoblins
  17 kobolds
  5 quokkas
  3 ball pythons
  9 bats
  9 frilled lizards
  8 rats
  A fungus (Lair:3)
  A plant (Lair:6)
607 creatures vanquished.

Vanquished Creatures (others)
  5 fungi
  23 plants
28 creatures vanquished.

Grand Total: 635 creatures vanquished

Notes
Turn   | Place    | Note
-------+----------+-------------------------------------------
     0 | D:1      | Ijustatesigmund the Ogre Hunter began the quest for the Orb.
     0 | D:1      | Reached XP level 1. HP: 22/22 MP: 1/1
   214 | D:1      | Reached skill level 1 in Maces & Flails
   214 | D:1      | Reached XP level 2. HP: 25/31 MP: 2/2
   801 | D:1      | Reached XP level 3. HP: 30/37 MP: 3/3
  1837 | D:2      | Reached XP level 4. HP: 48/48 MP: 4/4
  2055 | D:2      | Noticed Jessica
  2057 | D:2      | Killed Jessica
  2100 | D:2      | Found a glowing golden altar of the Shining One.
  2149 | D:2      | Became a worshipper of the Shining One
  2568 | D:2      | Reached XP level 5. HP: 55/55 MP: 5/5
  3154 | D:3      | Reached skill level 5 in Fighting
  3154 | D:3      | Reached XP level 6. HP: 33/66 MP: 6/6
  5014 | D:5      | Entered Level 5 of the Dungeon
  5297 | D:5      | Noticed Menkaure
  5459 | D:5      | HP: 2/67 [Menkaure (12)]
  5461 | D:5      | Killed Menkaure
  5461 | D:5      | Reached skill level 5 in Maces & Flails
  5461 | D:5      | Reached skill level 1 in Armour
  5461 | D:5      | Reached XP level 7. HP: 2/74 MP: 7/7
  5823 | D:5      | Found a basalt altar of Yredelemnul.
  6017 | D:6      | Reached * piety under the Shining One
  6021 | D:5      | Reached skill level 1 in Invocations
  6293 | D:6      | Reached XP level 8. HP: 53/83 MP: 9/9
  7792 | D:7      | Found a transporter.
  7805 | D:7      | Found a transporter.
  7810 | D:7      | Found a deep blue altar of Sif Muna.
  7811 | D:7      | Found a white marble altar of Elyvilon.
  7851 | D:7      | Reached XP level 9. HP: 74/89 MP: 12/12
  8047 | D:7      | Found a staircase to the Ecumenical Temple.
  8075 | Temple   | Entered the Ecumenical Temple
  8265 | D:7      | Reached ** piety under the Shining One
  8862 | D:7      | Reached skill level 5 in Invocations
  9119 | D:7      | Found an ornate altar of the Wu Jian Council.
  9580 | D:7      | Noticed an unseen horror
  9612 | D:8      | Noticed a hornet
  9613 | D:8      | Noticed Erica
  9629 | D:8      | Reached skill level 5 in Dodging
  9919 | D:8      | Killed Erica
 10044 | D:8      | Found an ancient bone altar of Kikubaaqudgha.
 10092 | D:8      | Paralysed by a hornet for 1 turns
 10347 | D:7      | Killed an unseen horror
 10347 | D:7      | Reached XP level 10. HP: 87/102 MP: 14/14
 10375 | D:7      | Got a crystal mace
 10376 | D:7      | Identified the +10 mace of Fyetrabbun {antimagic, *Drain +Inv MR+} (You found it on level 7 of the Dungeon)
 10807 | D:8      | Paralysed by a hornet for 2 turns
 11139 | D:8      | Found a shimmering altar of Xom.
 11140 | D:8      | Found a burning altar of Makhleb.
 11852 | D:9      | Noticed a guardian serpent
 11871 | D:10     | Entered Level 10 of the Dungeon
 12047 | D:10     | Found a flagged portal.
 12059 | Bailey   | Entered a bailey
 12279 | Bailey   | Found an iron altar of Okawaru.
 12279 | Bailey   | Noticed an orc high priest
 12279 | Bailey   | Noticed an orc high priest
 12280 | Bailey   | Noticed a sun demon
 12288 | Bailey   | Noticed a rust devil
 12293 | Bailey   | Killed an orc high priest
 12293 | Bailey   | Reached XP level 11. HP: 93/115 MP: 4/16
 12301 | Bailey   | Killed an orc high priest
 12311 | Bailey   | Noticed an orc knight
 12319 | Bailey   | Killed an orc knight
 12319 | Bailey   | Reached skill level 10 in Maces & Flails
 12456 | Bailey   | Reached *** piety under the Shining One
 13201 | D:10     | Found a staircase to the Lair.
 13319 | D:9      | Reached skill level 10 in Fighting
 13341 | D:9      | Found a sacrificial altar of Ru.
 13342 | D:9      | Found a blossoming altar of Fedhas.
 13342 | D:9      | Found a sparkling altar of Nemelex Xobeh.
 13361 | D:9      | Found a snail-covered altar of Cheibriados.
 13582 | D:9      | Found a shadowy altar of Dithmenos.
 13849 | D:9      | Gained mutation: You expend magic power (3 MP) to strengthen your wands. [potion of mutation]
 13849 | D:9      | Gained mutation: You do not regenerate when monsters are visible. [potion of mutation]
 13849 | D:9      | Gained mutation: You are robust. (+10% HP) [potion of mutation]
 14226 | D:8      | Lost mutation: You are robust. (+10% HP) [potion of mutation]
 14226 | D:8      | Gained mutation: Scrolls take you a little longer to read. [potion of mutation]
 14226 | D:8      | Gained mutation: You have a pair of small antennae on your head. [potion of mutation]
 14227 | D:8      | Lost mutation: Scrolls take you a little longer to read. [potion of mutation]
 14227 | D:8      | Lost mutation: You have a pair of small antennae on your head. [potion of mutation]
 14227 | D:8      | Lost mutation: You do not regenerate when monsters are visible. [potion of mutation]
 14227 | D:8      | Gained mutation: Your spells are a little easier to cast, but a little less powerful. [potion of mutation]
 14227 | D:8      | Gained mutation: You have sharp toenails. [potion of mutation]
 14227 | D:8      | Gained mutation: You have an increased reservoir of magic. (+10% MP) [potion of mutation]
 14227 | D:8      | Gained mutation: Your movements are slightly less encumbered by armour. (ER -2) [potion of mutation]
 14379 | D:10     | Upgraded the game from 0.22-a0-448-g1fb7470 to 0.22-a0-456-g11ed031
 14421 | D:10     | Noticed a two-headed ogre
 14427 | D:10     | Killed a two-headed ogre
 14908 | D:10     | Noticed a two-headed ogre
 14916 | D:10     | Killed a two-headed ogre
 15154 | D:11     | Noticed a green ugly thing
 15181 | D:11     | Killed a green ugly thing
 15448 | D:11     | Noticed a manticore
 15460 | D:11     | Killed a manticore
 15710 | D:11     | Reached XP level 12. HP: 128/128 MP: 6/20
 15825 | D:11     | Noticed a two-headed ogre
 15832 | D:11     | Noticed a centaur warrior
 15841 | D:11     | Killed a two-headed ogre
 15850 | D:11     | Killed a centaur warrior
 16119 | D:11     | Paralysed by a hornet for 3 turns
 16587 | D:11     | Noticed a two-headed ogre
 16604 | D:11     | Killed a two-headed ogre
 16604 | D:11     | Reached skill level 10 in Invocations
 16726 | D:11     | Found a staircase to the Orcish Mines.
 16911 | D:11     | Noticed a centaur warrior
 16923 | D:11     | Killed a centaur warrior
 17249 | D:11     | Noticed a two-headed ogre
 17254 | D:11     | Killed a two-headed ogre
 17288 | D:11     | Noticed a purple very ugly thing
 17300 | D:11     | Killed a red very ugly thing
 17574 | D:11     | Found the +3 Elemental Staff {rElec rF++ rC++ MR++ AC+5}
 18009 | Lair:1   | Entered Level 1 of the Lair of Beasts
 18983 | Lair:2   | Reached XP level 13. HP: 126/141 MP: 23/23
 20044 | Lair:2   | Found a hole to the Spider Nest.
 20820 | Lair:2   | Learned a level 2 spell: Blink
 20930 | Lair:2   | Reached skill level 1 in Translocations
 21829 | Lair:3   | Reached skill level 5 in Translocations
 23013 | Lair:4   | Reached XP level 14. HP: 114/153 MP: 24/24
 23375 | Lair:4   | Found a staircase to the Shoals.
 24834 | Lair:6   | Entered Level 6 of the Lair of Beasts
 25341 | Lair:6   | Got a brightly glowing morningstar
 25342 | Lair:6   | Identified the +8 morningstar of the Valley {antimagic, rC+} (You found it on level 6 of the Lair of Beasts)
 25794 | Lair:6   | Found a viscous altar of Jiyva.
 25794 | Lair:6   | Found a staircase to the Slime Pits.
 25948 | Lair:6   | Reached **** piety under the Shining One
 27604 | Lair:6   | HP: 7/157 [swamp dragon (6)]
 27605 | Lair:6   | HP: 3/157 [swamp dragon] (4)]
 27605 | Lair:6   | Succumbed to a swamp dragon's poison gas

Vault maps used:
D:1:      eino_arrival_cavern_b, serial_aquarium, aquarium_bridge_island_small,
          aquarium_window_1, aquarium_window_fake, aquarium_window_1,
          aquarium_view_2b, aquarium_view_2b, aquarium_balcony_double_1
D:2:      tso_metal_star, uniq_jessica
D:3:      first_ration
D:4:      bh_walls_and_bars
D:5:      overflow_temple_1_default, serial_corexii_hall,
          corexii_hall_statues_x, corexii_hall_statues_x, uniq_menkaure
D:7:      nicolae_overflow_crystal_walls, gammafunk_temple_overflow_arena,
          minmay_temple_entry_glassed_door
D:8:      grunt_temple_overflow_champion_of_chaos, kiku_gazebo_garden_becter,
          uniq_erica
D:9:      chequers_temple_overflow_statue_of_worship,
          nicolae_dithmenos_through_a_glass_darkly, grunt_livestock,
          nrook_guardian_serpent_double
D:10:     lair_entry_dummy, enter_bailey_3
D:11:     minmay_the_grid_net, erik_orc_1, minmay_misc_feat_more_columns,
          kennysheep_generic_room_4
Temple:   zaba_magenta_temple
Lair:2:   regret_index_combs_of_tragedy, nicolae_spider_entry_non_spiders,
          beast_lair_carwin_11, infiniplex_staircase_pool
Lair:3:   hangedman_lair_generics_rect
Lair:4:   minmay_shoals_entry_centaurs
Lair:6:   guppyfry_lair_end_dragon, hangedman_lair_caniforms_friends,
          slime_altar_1
Bailey:   bailey_axe_of_yendor_kennysheep, bailey

Skill      XL: |  1  2  3  4  5  6  7  8  9 10 11 12 13 14 |
---------------+-------------------------------------------+-----
Fighting       | 3 4 5 7 9 10 12 13 14 | 14.8
Maces & Flails | 1 2 3 4 5 6 7 9 11 12 13 14 | 14.3
Armour         | 1 2 3 4 |  4.5
Dodging        | 2 3 4 5 |  5.4
Invocations    | 2 4 6 7 9 10 11 12 | 12.8
Translocations | 7 |  7.3
Throwing       | |  4.0
Stealth        | |  0.6

Action                   |  1- 3 |  4- 6 |  7- 9 | 10-12 | 13-15 || total
-------------------------+-------+-------+-------+-------+-------++-------
Melee: Whip              |   184 |   140 |   319 |       |       ||   643
       Club              |     5 |       |       |       |       ||     5
       Short sword       |     2 |       |       |       |       ||     2
       Mace              |       |    83 |    91 |   543 |       ||   717
       Kick              |       |       |       |    90 |   120 ||   210
       Giant spiked club |       |       |       |    91 |   537 ||   628
Throw: Large rock        |    11 |     5 |    10 |     7 |    11 ||    44
       Throwing net      |     3 |       |       |       |       ||     3
 Cast: Blink             |       |       |       |       |     2 ||     2
Invok: Divine Shield     |       |       |     2 |    15 |    12 ||    29
       Cleansing Flame   |       |       |       |       |     3 ||     3
Evoke: Wand              |       |     8 |     3 |       |     8 ||    19
  Use: Scroll            |     4 |     9 |     8 |    22 |     5 ||    48
       Potion            |     5 |     1 |     4 |     8 |     3 ||    21
 Stab: Sleeping          |       |     1 |       |       |       ||     1
  Eat: Chunk             |     3 |    11 |     2 |     8 |    18 ||    42
       Ration            |       |       |     5 |     5 |     4 ||    14
Armor: Robe              |    69 |    46 |       |       |       ||   115
       Steam dragon scal |       |     2 |   146 |   221 |   236 ||   605
Dodge: Dodged            |   108 |   115 |   213 |   388 |   376 ||  1200
Block: Other             |       |       |    13 |    94 |   206 ||   313

Table legend:
 A = Spawn XP
 B = Non-spawn XP
 C = Spawn XP percentage of total XP
 D = Spawn monster count
 E = Non-spawn monster count
 F = Spawn count percentage of total count
 G = Total turns spent on level
                    A         B        C        D         E        F      G
               +---------+---------+-------+---------+---------+-------+---------
         Total |       0 |   81127 |   0.0 |       0 |     605 |   0.0 | 27605
               +---------+---------+-------+---------+---------+-------+---------
           D:1 |       0 |      34 |   0.0 |       0 |      23 |   0.0 |  1151
           D:2 |       0 |     213 |   0.0 |       0 |      40 |   0.0 |  1957
           D:3 |       0 |     123 |   0.0 |       0 |      22 |   0.0 |   856
           D:4 |       0 |     104 |   0.0 |       0 |       8 |   0.0 |  1181
           D:5 |       0 |     422 |   0.0 |       0 |      14 |   0.0 |   887
           D:6 |       0 |     984 |   0.0 |       0 |      15 |   0.0 |  1445
           D:7 |       0 |    2027 |   0.0 |       0 |      28 |   0.0 |  2047
           D:8 |       0 |    2493 |   0.0 |       0 |      28 |   0.0 |  1892
           D:9 |       0 |    3552 |   0.0 |       0 |      41 |   0.0 |  1407
          D:10 |       0 |    3049 |   0.0 |       0 |      27 |   0.0 |  1291
          D:11 |       0 |   13191 |   0.0 |       0 |      69 |   0.0 |  2677
        Temple |       0 |     113 |   0.0 |       0 |       3 |   0.0 |   167
        Lair:1 |       0 |    1618 |   0.0 |       0 |       9 |   0.0 |   965
        Lair:2 |       0 |   10950 |   0.0 |       0 |      74 |   0.0 |  2148
        Lair:3 |       0 |    6449 |   0.0 |       0 |      21 |   0.0 |  1238
        Lair:4 |       0 |    6606 |   0.0 |       0 |      29 |   0.0 |  1208
        Lair:5 |       0 |    4648 |   0.0 |       0 |      19 |   0.0 |  1814
        Lair:6 |       0 |   21079 |   0.0 |       0 |      94 |   0.0 |  2223
        Bailey |       0 |    3472 |   0.0 |       0 |      41 |   0.0 |  1051
               +---------+---------+-------+---------+---------+-------+---------
